 Dungeon Crawl Stone Soup version 0.30.1-4-g462c640d31 (webtiles) character file.

Game seed: 862911131709346810

810 leafyfresh the Transmogrifier (level 7, -2/51 HPs)
             Began as a Merfolk Transmuter on Aug 17, 2023.
             Slain by a phantom (4 damage)
             ... on level 5 of the Dungeon.
             The game lasted 00:11:10 (5222 turns).

leafyfresh the Transmogrifier (Merfolk Transmuter)  Turns: 5222, Time: 00:11:10

Health: -2/51      AC:  4    Str: 10    XL:     7   Next: 92%
Magic:  10/10      EV: 13    Int: 12    God:
Gold:   312        SH:  0    Dex: 17    Spells: 6/10 levels left

rFire   . . .        z - +7 whip (venom)
rCold   . . .        (no shield)
rNeg    . . .        a - +0 robe
rPois   .            (no helmet)
rElec   .            w - +0 cloak
rCorr   +            n - +0 pair of gloves
SInv    .            (no boots)
Will    .....        (no amulet)
Stlth   ++           h - ring of resist corrosion
HPRegen 0.28/turn    (no ring)
MPRegen 0.12/turn

%: no passive effects
@: no status effects
A: (nimble swimmer 2), mertail
a: no special abilities


You were on level 5 of the Dungeon.
You visited 2 branches of the dungeon, and saw 6 of its levels.

You collected 312 gold pieces.

Inventory:

Hand Weapons
 d - a +1 heavy spear
 s - a +2 dagger of protection
 t - a +2 whip of freezing
 v - a +3 quarterstaff of chaos
 z - a +7 whip of venom (weapon)
Armour
 a - a +0 robe (worn)
 e - a +0 kite shield
 l - a +0 chain mail
 m - an orb of energy
 n - a +0 pair of gloves (worn)
 w - a +0 cloak (worn)
Jewellery
 h - a ring of resist corrosion (left hand)
Scrolls
 b - a scroll of amnesia
 g - 2 scrolls of fear
 k - a scroll of identify
 q - a scroll of vulnerability {unknown}
 r - a scroll of blinking {unknown}
 u - a scroll of summoning {unknown}
 x - a scroll of teleportation {unknown}
 y - a scroll of poison {unknown}
Potions
 f - a potion of haste {unknown}
 i - a potion of degeneration {unknown}
 j - a potion of brilliance {unknown}
 o - a potion of resistance {unknown}
 p - a potion of heal wounds {unknown}
 A - a potion of might {unknown}


   Skills:
 + Level 2.5 Fighting
 + Level 3.8 Dodging
 + Level 4.1 Unarmed Combat
 - Level 2.0 Spellcasting
 - Level 10.3 Transmutations


You had 6 spell levels left.
You knew the following spells:

 Your Spells              Type           Power      Damage    Failure   Level
a - Beastly Appendage     Tmut           52%        N/A       1%          1
b - Spider Form           Tmut/Pois      13%        N/A       10%         3

Your spell library contained the following spells:

 Spells                   Type           Power      Damage    Failure   Level
 Wereblood                Tmut           26%        N/A       1%          2
 Slow                     Hex            4%         N/A       26%         1
 Ice Form                 Ice/Tmut       13%        N/A       32%         4
 Call Canine Familiar     Summ           1%         N/A       63%         3
 Confusing Touch          Hex            1%         N/A       63%         3
 Portal Projectile        Hex/Tloc       2%         N/A       63%         3
 Vampiric Draining        Necr           1%         2d6       63%         3
 Leda's Liquefaction      Hex/Erth       0%         N/A       95%         4


Dungeon Overview and Level Annotations

Branches:
Dungeon (5/15)             Temple (1/1) D:4

Altars:
Ashenzari
Cheibriados
Dithmenos
Elyvilon
Gozag
Hepliaklqana
Makhleb
Okawaru
Qazlal
Trog
Uskayaw
Vehumet
Xom
Yredelemnul
Zin
The Shining One


Innate Abilities, Weirdness & Mutations

((You are very nimble when in or above water. (Stealth+, EV+, Speed+++)))
Your lower body shifts to a powerful aquatic tail in water.


Message History

Items here: )) [ †.
You closely miss the orc priest.
You feel sick.
The orc priest hits you but does no damage.
The orc priest barely misses you.
You hit the orc priest.
The orc priest is poisoned.
The orc priest is lightly wounded.
You feel sick. The orc priest hits you with a +0 club.
* * * LOW HITPOINT WARNING * * *
You whack the orc priest!
The orc priest looks as sick as possible!
The orc priest is almost dead.
You feel sick.
You kill the orc priest!
You hit the phantom but do no damage.
You feel sick. The phantom closely misses you.
You closely miss the phantom.
You feel sick. The phantom hits you!
* * * LOW HITPOINT WARNING * * *
The phantom blinks!
You blink.
An adder comes into view.
You feel better.
The adder hisses angrily.
The phantom hits you.
* * * LOW HITPOINT WARNING * * *
The phantom blinks!
You blink.
You whack the phantom!
The phantom is moderately damaged.
The phantom hits you.
* * * LOW HITPOINT WARNING * * *
The phantom blinks!
You blink.
Unknown command.
You hit the phantom. You punch the phantom.
The phantom is heavily damaged.
The phantom hits you.
* * * LOW HITPOINT WARNING * * *
Unknown command.
You closely miss the phantom.
The phantom is heavily damaged.
You hear the brisk rusting of a very distant drain.
The phantom hits you.
You die...

#...............# #....
#.####.####.###.# ... ..#
#.# #.# #.# #)# ### #.# #.#
#.# #§# ######.# ##(###.#
#.# # .......###...##.#
#!#.#
#########.###.#.####.#.##.#
# #.## ##§...........# #.#
#§.@..S.###### #.##
##...W##.# ##.###.#.#.##.#
##...##.#.##.#
##########.#.##.#
#..........#.##.#
#.##########.##.# #.#
#.##.# #.# #### #.##.#


You could see a phantom and an adder.

Vanquished Creatures
  Eustachio (D:4)
  A phantom (D:4)
  A scorpion (D:5)
  An orc priest (D:5)
  2 hounds
  4 jellies
  Crazy Yiuf (D:3)
  3 iguanas
  2 orc wizards
  8 adders
  2 worms
  4 dart slugs
  6 orcs
  15 endoplasms
  8 hobgoblins
  16 kobolds
  3 quokkas
  2 ball pythons
  8 bats
  3 frilled lizards
  8 goblins
  3 rats (D:2)
102 creatures vanquished.

Notes
Turn   | Place    | Note
-------+----------+-------------------------------------------
     0 | D:1      | leafyfresh the Merfolk Transmuter began the quest for the
                  | Orb.
     0 | D:1      | Reached XP level 1. HP: 15/15 MP: 3/3
    87 | D:1      | Reached skill level 3 in Transmutations
   208 | D:1      | Reached XP level 2. HP: 21/21 MP: 5/5
   415 | D:1      | Reached skill level 4 in Transmutations
   853 | D:2      | Reached XP level 3. HP: 26/26 MP: 6/6
   957 | D:2      | Reached skill level 5 in Transmutations
  1193 | D:2      | Reached XP level 4. HP: 32/32 MP: 7/7
  1445 | D:2      | Learned a level 3 spell: Spider Form
  1456 | D:3      | Reached skill level 6 in Transmutations
  1747 | D:3      | Found a snail-covered altar of Cheibriados.
  1786 | D:3      | Found a glowing silver altar of Zin.
  1929 | D:3      | Found a runed translucent door.
  1930 | D:3      | Noticed Crazy Yiuf
  1971 | D:3      | Found a basalt altar of Yredelemnul.
  2122 | D:3      | Reached XP level 5. HP: 35/37 MP: 8/8
  2249 | D:3      | Reached skill level 7 in Transmutations
  3117 | D:3      | Killed Crazy Yiuf
  3118 | D:3      | Reached skill level 8 in Transmutations
  3118 | D:3      | Reached XP level 6. HP: 22/43 MP: 6/9
  3598 | D:4      | Noticed Eustachio
  3676 | D:4      | Killed Eustachio
  3677 | D:4      | Reached skill level 9 in Transmutations
  3677 | D:4      | Reached XP level 7. HP: 19/48 MP: 10/10
  4039 | D:4      | Reached skill level 10 in Transmutations
  4125 | D:4      | Found an opulent altar of Gozag.
  4373 | D:4      | Found a staircase to the Ecumenical Temple.
  4388 | Temple   | Entered the Ecumenical Temple
  4871 | D:5      | Entered Level 5 of the Dungeon
  5218 | D:5      | HP: 2/51 [phantom (7)]
  5222 | D:5      | Slain by a phantom

Illustrated notes

Levels and vault maps discovered:
D:1:      minmay_arrival_pointy, layout_loops_ring, minmay_misc_feat_tiny,
          supply_closet_lemuel, nrook_mini_vaults, chequers_serial_rivers_marsh,
          minmay_quantized
D:2:      layout_rooms
D:3:      cheibrodos_fertilizer, layout_loops_ring, lemuel_round_altar,
          lemuel_tele_altar, general_overflow_altar, minmay_misc_feat_rugged,
          uniq_crazy_yiuf_cottage
D:4:      layout_loops_corners, lemuel_round_altar, minmay_temple_entry_glass,
          uniq_eustachio
D:5:      layout_loops_ring, portal_sewer_entry_d
Temple:   chequers_temple_sunken

Skill      XL: |  1  2  3  4  5  6  7 |
---------------+----------------------+-----
Transmutations | 3 4 5 6 8 9 10 | 10.3
Dodging        | 3 |  3.8
Fighting       | 2 |  2.5
Unarmed Combat | 4 |  4.1
Spellcasting   | |  2.0

Action                     |  1- 3 |  4- 6 |  7- 9 || total
---------------------------+-------+-------+-------++-------
  Melee: Spear             |    66 |    24 |       ||    90
         Dagger            |       |   113 |       ||   113
         Punch             |       |     7 |     2 ||     9
         Unarmed           |       |    33 |    19 ||    52
         Whip              |       |    81 |    47 ||   128
         Headbutt          |       |     4 |       ||     4
   Cast: Spider Form       |       |     4 |     2 ||     6
         Beastly Appendage |       |     2 |       ||     2
    Use: Potion            |     1 |     2 |     1 ||     4
         Scroll            |       |       |     4 ||     4
   Stab: Sleeping          |     4 |     3 |       ||     7
 Armour: Robe              |    18 |    67 |     8 ||    93
         Skin              |       |    10 |       ||    10
  Dodge: Dodged            |    47 |   150 |    34 ||   231
